[Event "*** Titled Tuesday 3|2 Blitz"]
[Site "Chess.com"]
[Date "2017.03.07"]
[Round "1"]
[White "FearlessKing64"]
[Black "vpantev"]
[Result "1-0"]
[WhiteElo "2129"]
[BlackElo "2457"]
[TimeControl "180+2"]
[EndTime "13:07:07 PST"]
[Termination "FearlessKing64 won by resignation"]

1. e4 c6 2. d4 d5 3. e5 Bf5 4. h4 h5 5. Bg5 Qb6 6. Bd3 Bxd3 7. Qxd3 e6 8. Ne2 Ne7 9. O-O Nf5 10. Nd2 Be7 11. Bxe7 Nxe7 12. Ng3 Nd7 13. c4 Qa6 14. Qb3 Qb6 15. c5 Qxb3 16. axb3 a6 17. b4 Rb8 18. f4 Nf5 19. Nxf5 exf5 20. Rfe1 Nf8 21. Nf3 Ne6 22. Ng5 Ke7 23. Nxe6 Kxe6 24. Kf2 Rhc8 25. Re3 Ra8 26. Rea3 Rcb8 27.
g3 g6 28. Ke2 Kd7 29. Kd3 Ra7 30. Kc3 Rba8 31. Ra5 Kc7 32. b3 b6 33. R5a3 Kb7 34.
R1a2 a5 35. bxa5 bxc5 36. dxc5 Ka6 37. Kd4 Rb8 38. e6 fxe6 39. Ke5 Rb4 40. Kxe6 d4 41. Rd2 Kb5 42. Kd6 Ra8 43. a6 Ra7 44. Rd3 Rxa6 45. Rxa6 Kxa6 46. Kxc6 Ka7 47. Kd7 Rb7+ 48. Kd6 Kb8 49.
c6 Rb5 50. Rxd4 Rxb3 51. Kd7 Rc3 52. Rd6 1-0

[Event "*** Titled Tuesday 3|2 Blitz"]
[Site "Chess.com"]
[Date "2017.03.07"]
[Round "1"]
[White "rasmussvane"]
[Black "silverback96"]
[Result "1-0"]
[WhiteElo "2459"]
[BlackElo "2052"]
[TimeControl "180+2"]
[EndTime "13:07:09 PST"]
[Termination "rasmussvane won by resignation"]

1. Nf3 c5 2. c4 Nc6 3. Nc3 e5 4.
e3 Nf6 5. Be2 Be7 6. d4 cxd4 7.
exd4 e4 8. Ng5 Qa5 9. O-O Qf5 10. d5 Ne5 11. Qd4 O-O 12. Ngxe4 Nxe4 13. Nxe4 Re8 14. Be3 Bb4 15. Ng3 Qg6 16. c5 d6 17. Qxb4 dxc5 18. Qxc5 Bd7 19. Rac1 f5 20. Bh5 Qf6 21. Bxe8 Rxe8 22.
Qd4 g5 23. f4 Qh6 24. fxe5 f4 25.
Bxf4 gxf4 26. Qxf4 Qg7 27. e6 Bb5 28. Qf7+ 1-0

[Event "*** Titled Tuesday 3|2 Blitz"]
[Site "Chess.com"]
[Date "2017.03.07"]
[Round "1"]
[White "GianmarcoVaR"]
[Black "VeraNebolsina"]
[Result "1-0"]
[WhiteElo "2406"]
[BlackElo "1391"]
[TimeControl "180+2"]
[EndTime "13:07:11 PST"]
[Termination "GianmarcoVaR won by resignation"]

1. d4 Nf6 2. Nf3 g6 3. Bg5 Bg7 4. Nbd2 d5 5. e3 O-O 6. Be2 b6 7. a4 a6 8. O-O Bb7 9. a5 b5 10. c3 Nbd7 11. Qc2 c5 12. b4 c4 13. Bh4 Re8 14.
Rad1 Ne4 15. Nxe4 dxe4 16. Nd2 f5 17. f3 exf3 18. Bxf3 Qc8 19. e4 e6 20. e5 h6 21. g4 g5 22. gxf5 gxh4 23. f6 Bf8 24.
f7+ Kh8 25. fxe8=Q Qxe8 26. Bxb7 Ra7 27. Bg2 Bg7 28.
Bh3 Nf8 29. Ne4 1-0

[Event "*** Titled Tuesday 3|2 Blitz"]
[Site "Chess.com"]
[Date "2017.03.07"]
[Round "1"]
[White "spectralsoul"]
[Black "WanderingPuppet"]
[Result "1-0"]
[WhiteElo "2626"]
[BlackElo "2338"]
[TimeControl "180+2"]
[EndTime "13:07:17 PST"]
[Termination "spectralsoul won by resignation"]

1. e4 c5 2. g3 Nc6 3. Bg2 g6 4.
Ne2 Bg7 5. O-O Nf6 6. c3 O-O 7. d4 cxd4 8. cxd4 d5 9. e5 Ne4 10. f3 Nf6 11. exf6 Bxf6 12. Nbc3 e6 13. Be3 b6 14.
Qd2 Ba6 15. Rfe1 Qd7 16. Bg5 Bg7 17. Bh6 Rac8 18. Bxg7 Kxg7 19. h4 h5 20. Nf4 Ne7 21.
Bh3 Qd6 22. Re5 Rc4 23. Bf1 Nf5 24. Bxc4 dxc4 25. Ne4 Qxd4+ 26. Qxd4 Nxd4 27. Kf2 Rc8 28. Nc3 Bb7 29. Ne4 f6 30. Nxe6+ Kf7 31. Nd6+ Ke7 32.
Nxc8+ Bxc8 33. Nxd4+ fxe5 34. Nc6+ 1-0

[Event "*** Titled Tuesday 3|2 Blitz"]
[Site "Chess.com"]
[Date "2017.03.07"]
[Round "1"]
[White "morphy1984"]
[Black "chessbia"]
[Result "1-0"]
[WhiteElo "2473"]
[BlackElo "2120"]
[TimeControl "180+2"]
[EndTime "13:07:17 PST"]
[Termination "morphy1984 won by checkmate"]

1. e4 e5 2. Nf3 Nc6 3. Bb5 a6 4.
Bxc6 dxc6 5. Nc3 Bd6 6. d4 exd4 7. Qxd4 f6 8. Be3 c5 9. Qd2 Ne7 10. O-O-O O-O 11. Bxc5 Bg4 12. Bxd6 cxd6 13. Qxd6 Qe8 14. h3 Bh5 15. g4 Bf7 16. Nh4 Rc8 17. Qd7 b5 18. a3 Nc6 19. Qxe8 Rfxe8 20. Nf5 Re5 21. f4 Rc5 22. Rd6 Kf8 23. Rhd1 g6 24. Nd4 b4 25. axb4 Nxb4 26. Ne6+ Bxe6 27. Rxe6 Kf7 28.
f5 gxf5 29. exf5 R8c6 30. Rd7+ Kg8 31. Re8# 1-0

[Event "*** Titled Tuesday 3|2 Blitz"]
[Site "Chess.com"]
[Date "2017.03.07"]
[Round "1"]
[White "HaryKane"]
[Black "DrVelja"]
[Result "1-0"]
[WhiteElo "2283"]
[BlackElo "2526"]
[TimeControl "180+2"]
[EndTime "13:07:18 PST"]
[Termination "HaryKane won by resignation"]

1. e4 c5 2. Nf3 e6 3. d4 cxd4 4.
Nxd4 Nf6 5. Bd3 Nc6 6. Nb3 d5 7.
exd5 Nxd5 8. O-O Be7 9. Qh5 Ncb4 10. Rd1 Nxd3 11. Rxd3 Qc7 12. Nc3 Nb4 13. Rg3 g6 14.
Qh6 Nxc2 15. Bf4 e5 16. Qg7 Rf8 17. Bxe5 Qc4 18. Rd1 Be6 19. Rgd3 Nb4 20. Rd4 Qc8 21. Nb5 Nc6 22. Nc7+ Qxc7 23. Bxc7 Nxd4 24. Qxd4 Rc8 25. Qa4+ 1-0

[Event "*** Titled Tuesday 3|2 Blitz"]
[Site "Chess.com"]
[Date "2017.03.07"]
[Round "1"]
[White "olomi007"]
[Black "workhard91"]
[Result "0-1"]
[WhiteElo "2487"]
[BlackElo "2220"]
[TimeControl "180+2"]
[EndTime "13:07:18 PST"]
[Termination "workhard91 won by resignation"]

1. e4 c5 2. Nf3 Nc6 3. d4 cxd4 4. Nxd4 Nf6 5. Nc3 e5 6. Ndb5 d6 7. Bg5 a6 8. Na3 b5 9. Bxf6 gxf6 10. Nd5 f5 11. Bd3 Be6 12. O-O Bxd5 13. exd5 Ne7 14.
Re1 e4 15. Bf1 Bg7 16. c3 O-O 17. Nc2 Ng6 18. a4 bxa4 19. Rxa4 Qg5 20. Qc1 Qg4 21.
f3 Qh4 22. fxe4 Be5 23. g3 Bxg3 24. hxg3 Qxg3+ 25. Bg2 Nh4 26. Ne3 f4 27. Rf1 fxe3 28. Qc2 Kh8 29. e5 Rg8 30. Rxh4 Qxh4 31. Rxf7 Rxg2+ 32. Kxg2 Rg8+ 33. Kf3 Rg3+ 34. Ke2 Rg2+ 35. Kxe3 Rxc2 36.
e6 Qg5+ 37. Kd3 Rd2+ 38. Kc4 Re2 39. b4 Kg8 40. Rd7 Re4+ 41. Kb3 Qxd5+ 42. Ka3 Qxe6 0-1

[Event "*** Titled Tuesday 3|2 Blitz"]
[Site "Chess.com"]
[Date "2017.03.07"]
[Round "1"]
[White "Paralinch"]
[Black "ZEN-22"]
[Result "1-0"]
[WhiteElo "2617"]
[BlackElo "2335"]
[TimeControl "180+2"]
[EndTime "13:07:21 PST"]
[Termination "Paralinch won by resignation"]

1. d4 Nf6 2. g3 h5 3. Nf3 e6 4.
Bg2 c5 5. O-O cxd4 6. Nxd4 h4 7.
c4 hxg3 8. hxg3 Nc6 9. Nc3 Bc5 10. Nb3 Be7 11. c5 b6 12. cxb6 Qxb6 13. e4 Ba6 14. Be3 Qb8 15. Re1 Bc4 16. Rc1 Bxb3 17. axb3 a6 18. Nd5 exd5 19. exd5 Ne5 20. d6 Bxd6 21. Bf4 O-O 22. Bxa8 Qxa8 23. Bxe5 Bxe5 24.
Rxe5 d5 25. Qf3 Ne4 26. Rd1 Nf6 27. g4 Qb8 28. Rf5 Qd8 29. g5 Ne4 30. Rdxd5 Qe7 31. Rde5 Nxg5 32. Rxe7 Nxf3+ 33. Rxf3 g6 34. Rfe3 Kg7 35.
Re8 1-0

[Event "*** Titled Tuesday 3|2 Blitz"]
[Site "Chess.com"]
[Date "2017.03.07"]
[Round "1"]
[White "filali-oujda"]
[Black "pKiLz5Rn9b"]
[Result "0-1"]
[WhiteElo "2241"]
[BlackElo "2537"]
[TimeControl "180+2"]
[EndTime "13:07:23 PST"]
[Termination "pKiLz5Rn9b won by resignation"]

1. e4 e6 2. d4 d5 3. exd5 exd5 4.
Nf3 Bd6 5. Bd3 Ne7 6. c3 Nbc6 7.
O-O Bg4 8. b4 Qd7 9. b5 Nd8 10.
Ba3 Ne6 11. Bxd6 Qxd6 12. Nbd2 O-O 13. Re1 Rae8 14. Bf1 Qf4 15. Qc2 Ng6 16. Ne5 Bf5 17. Qc1 f6 18. g3 Qh6 19. Nxg6 hxg6 20. Bg2 c6 21. Nf3 g5 22. bxc6 bxc6 23. c4 Be4 24. Nd2 Nxd4 25. Nxe4 dxe4 26. Bxe4 Qh5 27. Qc3 Ne2+ 28.
Rxe2 Qxe2 29. Bxc6 Qe5 30. Bd5+ Kh8 31. Qc1 Rc8 32. Qd1 g6 33. Qg4 Qxa1+ 34. Kg2 Rc7 0-1

[Event "*** Titled Tuesday 3|2 Blitz"]
[Site "Chess.com"]
[Date "2017.03.07"]
[Round "1"]
[White "wnstop"]
[Black "peteseeger"]
[Result "1-0"]
[WhiteElo "2460"]
[BlackElo "2091"]
[TimeControl "180+2"]
[EndTime "13:07:24 PST"]
[Termination "wnstop won by resignation"]

1. e4 e5 2. Nf3 d6 3. d4 exd4 4.
Nxd4 g6 5. Nc3 Bg7 6. Be3 Nf6 7.
Qd2 O-O 8. O-O-O Re8 9. f3 Nc6 10. g4 a6 11. h4 Ne5 12. Qf2 b5 13. h5 c5 14. Nde2 b4 15. Na4 Nc4 16. hxg6 fxg6 17.
Bh6 Bd7 18. Bxg7 Kxg7 19. Nf4 Ne5 20. Rxd6 Qa5 21. Nxc5 Qxa2 22. g5 Nh5 23. Nxh5+ gxh5 24. Nxd7 Qa1+ 25. Kd2 Qxb2 26. Nxe5 Rad8 27. Rxd8 Rxd8+ 28. Nd3 b3 29. Qa7+ Kg8 30. Qc7 Qd4 31. cxb3 Qf2+ 32. Be2 1-0

[Event "*** Titled Tuesday 3|2 Blitz"]
[Site "Chess.com"]
[Date "2017.03.07"]
[Round "1"]
[White "DeviatkinAndrey"]
[Black "Schemato"]
[Result "1-0"]
[WhiteElo "2576"]
[BlackElo "2298"]
[TimeControl "180+2"]
[EndTime "13:07:26 PST"]
[Termination "DeviatkinAndrey won by resignation"]

1. e4 e6 2. Qe2 c5 3. g3 Nc6 4. Bg2 d6 5. f4 g6 6. Nf3 Bg7 7. c3 Nge7 8. O-O O-O 9. d3 b6 10. a4 Bb7 11. Na3 Qd7 12. Be3 Rac8 13. Kh1 Rfd8 14. g4 f5 15. gxf5 exf5 16. Rad1 Re8 17. Qc2 a6 18. Nc4 Qc7 19. Qb3 Kh8 20. Qxb6 Qd7 21.
Qb3 Rb8 22. Qc2 Qc7 23. Ng5 Ng8 24. Nxd6 Re7 25. Nxb7 Rxb7 26. e5 h6 27. Nf3 g5 28.
d4 Qc8 29. d5 gxf4 30. dxc6 Rb8 31. Bxf4 Qxc6 32. Nd4 Qb6 33. Nxf5 1-0

[Event "*** Titled Tuesday 3|2 Blitz"]
[Site "Chess.com"]
[Date "2017.03.07"]
[Round "1"]
[White "Buffy7"]
[Black "SabinaFoisor"]
[Result "1-0"]
[WhiteElo "2498"]
[BlackElo "2163"]
[TimeControl "180+2"]
[EndTime "13:07:29 PST"]
[Termination "Buffy7 won by resignation"]

1. d4 d5 2. c4 e6 3. Nf3 Nf6 4.
g3 dxc4 5. Bg2 Bb4+ 6. Nbd2 O-O 7. Qc2 c5 8. dxc5 Bxc5 9. Nxc4 Bb4+ 10. Bd2 Bxd2+ 11.
Qxd2 Qxd2+ 12. Nfxd2 Nc6 13. Bxc6 bxc6 14. Na5 Rb8 15. Ndb3 Ba6 16. Rc1 Rb6 17. f3 Nd5 18. Kf2 Rc8 19. Nc5 Bxe2 20. Kxe2 Rxb2+ 21. Kd3 Rxa2 22. Ra1 Rf2 23. Raf1 Ra2 24. Ra1 Rf2 25. f4 g5 26.
fxg5 Kg7 27. Nab7 e5 28. Rxa7 Rc7 29. Raa1 Re7 30. Raf1 Ra2 31. Ra1 Rf2 32. Nd6 Kg6 33. h4 Rf3+ 34. Ke2 Rxg3 35. h5+ Kxg5 36. Nce4+ Kf4 37.
Nxg3 Kxg3 38. Nf5+ Kf4 39. Raf1+ Ke4 40. Nxe7 1-0

[Event "*** Titled Tuesday 3|2 Blitz"]
[Site "Chess.com"]
[Date "2017.03.07"]
[Round "1"]
[White "Genghis_K"]
[Black "chessking2151"]
[Result "1-0"]
[WhiteElo "2710"]
[BlackElo "2379"]
[TimeControl "180+2"]
[EndTime "13:07:35 PST"]
[Termination "Genghis_K won by resignation"]

1. e4 e5 2. Nf3 Nc6 3. Bb5 f5 4. d3 fxe4 5. dxe4 Nf6 6. O-O Bc5 7. Bxc6 bxc6 8. Nxe5 O-O 9. Nc3 Qe8 10. Nd3 Bd4 11. e5 Nd5 12. Nxd5 cxd5 13. c3 Bb6 14. Re1 c5 15. Nxc5 Qf7 16. Be3 h5 17. Qd2 Rd8 18.
Rad1 d6 19. e6 Qf5 20. Nb3 Bc7 21. Nd4 Qg6 22. e7 Re8 23. Nb5 Ba5 24. Qxd5+ Be6 25. Qxd6 a6 26. Nd4 Bf7 27. Qxg6 Bxg6 28. Bg5 Bb6 29.
Ne6 Bf7 30. b3 Rac8 31. c4 Rc6 32. Nd8 Rg6 33. h4 Ba5 34. Re3 Bb6 35. Rf3 Be6 36. Rd6 Bf5 37. Rxb6 Rxb6 38. Rxf5 1-0

[Event "*** Titled Tuesday 3|2 Blitz"]
[Site "Chess.com"]
[Date "2017.03.07"]
[Round "1"]
[White "Elshan1985"]
[Black "SwiftyMcBishop"]
[Result "1-0"]
[WhiteElo "2492"]
[BlackElo "2163"]
[TimeControl "180+2"]
[EndTime "13:07:38 PST"]
[Termination "Elshan1985 won by resignation"]

1. Nf3 d5 2. g3 Nf6 3. Bg2 c6 4. O-O Nbd7 5. c4 e5 6. cxd5 Nxd5 7.
Nc3 Nxc3 8. bxc3 Bd6 9. d4 O-O 10. e4 b6 11. Re1 Bb7 12. Nh4 exd4 13. cxd4 Bb4 14. Bd2 Bxd2 15. Qxd2 Ne5 16. Rad1 Nc4 17. Qc3 Nd6 18. e5 Nb5 19. Qb2 Nc7 20. Nf5 Nd5 21. Nd6 Qd7 22. Bxd5 cxd5 23. Rc1 Rfd8 24. Rc2 Ba6 25.
Rec1 Qe6 26. Qa3 Bc4 27. Nxc4 dxc4 28. Rxc4 h6 29. Qf3 b5 30. Rc5 Rab8 31. Qe4 Qxa2 32.
d5 b4 33. e6 fxe6 34. dxe6 Rf8 35. R5c2 Qa6 36. Rc7 Qb6 37. R1c5 Rbe8 38. Qg6 1-0

[Event "*** Titled Tuesday 3|2 Blitz"]
[Site "Chess.com"]
[Date "2017.03.07"]
[Round "1"]
[White "Matibar"]
[Black "FrankieJay"]
[Result "1-0"]
[WhiteElo "2532"]
[BlackElo "2273"]
[TimeControl "180+2"]
[EndTime "13:07:43 PST"]
[Termination "Matibar won by resignation"]

1. b3 e5 2. Bb2 Nc6 3. e3 Nf6 4.
Bb5 Bd6 5. Na3 Na5 6. Nf3 a6 7. Be2 Qe7 8. Nb1 Nc6 9. d3 O-O 10. Nbd2 Bc5 11. c4 d6 12. a3 a5 13. O-O Bf5 14. Nh4 Bd7 15. g3 Rfe8 16. Re1 Bb6 17.
Bf3 Rad8 18. Bc3 Be6 19. b4 d5 20. c5 Ba7 21. d4 e4 22. Be2 g5 23. Ng2 axb4 24. axb4 Bb8 25. b5 Na7 26. Ba5 Qd7 27.
Bxc7 Bxc7 28. Rxa7 Bb8 29. c6 Qd6 30. Rxb7 Qb4 31. c7 1-0

[Event "*** Titled Tuesday 3|2 Blitz"]
[Site "Chess.com"]
[Date "2017.03.07"]
[Round "1"]
[White "asms9699"]
[Black "Rbrrt"]
[Result "1-0"]
[WhiteElo "2445"]
[BlackElo "2016"]
[TimeControl "180+2"]
[EndTime "13:07:46 PST"]
[Termination "asms9699 won by resignation"]

1. c4 c6 2. g3 Nf6 3. Bg2 d5 4.
Nf3 Bg4 5. cxd5 cxd5 6. Ne5 Bc8 7. O-O e6 8. d4 Be7 9. Nc3 O-O 10. Bg5 Nbd7 11.
Rc1 a6 12. Qb3 Nxe5 13. dxe5 Nd7 14. Bxe7 Qxe7 15. e4 dxe4 16. Nxe4 Nxe5 17. Rfd1 b5 18. Nf6+ Qxf6 19. Bxa8 Nc4 20. Rc2 e5 21. Bd5 Bg4 22.
Re1 Be6 23. Bxe6 Qxe6 24. a4 Rb8 25. axb5 axb5 26. Qc3 h6 27. b3 Na3 28. Rce2 b4 29.
Qxe5 Qxe5 30. Rxe5 Kh7 31. Re7 Nc2 32. R1e4 Kg6 33. Rc7 Na3 34. Rg4+ Kf6 35. Rf4+ Kg6 36. Rfxf7 1-0

[Event "*** Titled Tuesday 3|2 Blitz"]
[Site "Chess.com"]
[Date "2017.03.07"]
[Round "1"]
[White "PelinGorki"]
[Black "HouseOfDurin"]
[Result "1-0"]
[WhiteElo "2415"]
[BlackElo "1868"]
[TimeControl "180+2"]
[EndTime "13:07:50 PST"]
[Termination "PelinGorki won by resignation"]

1. e4 c5 2. Nf3 Nc6 3. d4 cxd4 4. Nxd4 e5 5. Nb5 d6 6. c4 Be6 7. Be3 f5 8. exf5 Bxf5 9. N1c3 Nf6 10. Be2 a6 11.
Na3 Be7 12. O-O O-O 13. Nc2 Rc8 14. Rc1 Be6 15. b3 d5 16. cxd5 Nxd5 17. Bc4 Nc7 18.
Bb6 Bxc4 19. bxc4 Qxd1 20. Rfxd1 Ne6 21. Rd5 Ncd4 22. Nxd4 Nxd4 23. Rxe5 Ne6 24. Rxe6 Rxc4 25. Rxe7 Rfc8 26. Re3 R4c6 27. Ba7 b5 28. a3 a5 29. Bd4 b4 30. axb4 axb4 31. h4 bxc3 32. Rexc3 Rxc3 33. Rxc3 Rd8 34. Be3 Rd7 35. g4 h6 36. Kg2 Kh7 37.
f4 Kg6 38. Kf3 Kf7 39. g5 hxg5 40. hxg5 Kg6 41. Rc6+ Kf7 42. f5 Rb7 43. Ke4 Re7+ 44. Kf4 Rb7 45. Bd4 Rd7 46. Be5 Kg8 47. Rc8+ Kh7 48.
g6+ 1-0

[Event "*** Titled Tuesday 3|2 Blitz"]
[Site "Chess.com"]
[Date "2017.03.07"]
[Round "1"]
[White "oskariot"]
[Black "politeplayer"]
[Result "1-0"]
[WhiteElo "2421"]
[BlackElo "1938"]
[TimeControl "180+2"]
[EndTime "13:07:53 PST"]
[Termination "oskariot won on time"]

1. e4 c5 2. Nf3 d6 3. d4 cxd4 4.
Nxd4 Nf6 5. Nc3 g6 6. Be3 Bg7 7.
f3 O-O 8. Qd2 Nc6 9. Bc4 Bd7 10.
h4 Rc8 11. Bb3 Ne5 12. O-O-O h5 13. Bg5 Rc5 14. Rhe1 b5 15. f4 Neg4 16. e5 dxe5 17. Ndxb5 exf4 18. Qxf4 Qb6 19. Na3 Rf5 20. Qg3 Bc6 21.
Rxe7 Nf2 22. Nc4 Qc5 23. Rde1 N2e4 24. Nxe4 Nxe4 25. R7xe4 Bxe4 26. Rxe4 Rf1+ 27. Re1 Rxe1+ 28. Qxe1 Rd8 29. Bxd8 1-0

[Event "*** Titled Tuesday 3|2 Blitz"]
[Site "Chess.com"]
[Date "2017.03.07"]
[Round "1"]
[White "plouarzel"]
[Black "BillieKimbah"]
[Result "1-0"]
[WhiteElo "2356"]
[BlackElo "2608"]
[TimeControl "180+2"]
[EndTime "13:08:01 PST"]
[Termination "plouarzel won by resignation"]

1. d4 d5 2. c4 c6 3. Nc3 Nf6 4.
e3 Bf5 5. cxd5 cxd5 6. Qb3 Nc6 7. Qxb7 Bd7 8. Qb3 Rb8 9. Qd1 e5 10. dxe5 Nxe5 11. f4 Neg4 12. h3 Nh6 13. Nf3 Bb4 14.
Bd3 O-O 15. O-O Nf5 16. Bxf5 Bxf5 17. Nd4 Bxc3 18. bxc3 Bd7 19. Qc2 Re8 20. c4 Rc8 21.
c5 Ne4 22. Nb3 Bb5 23. Rd1 Bc4 24. Bb2 Bxb3 25. axb3 Rxc5 26. Qd3 a5 27. Qd4 f6 28. Rac1 Rb5 29. Rd3 Qd7 30. Rcd1 h6 31. Qa4 Qb7 32. Rxd5 Rb8 33. Rxb5 Qxb5 34. Rd8+ Kf7 35. Rxb8 Qxb8 36. Qxe4 1-0

[Event "*** Titled Tuesday 3|2 Blitz"]
[Site "Chess.com"]
[Date "2017.03.07"]
[Round "1"]
[White "quesfr"]
[Black "jk13"]
[Result "0-1"]
[WhiteElo "2168"]
[BlackElo "2497"]
[TimeControl "180+2"]
[EndTime "13:08:03 PST"]
[Termination "jk13 won by resignation"]

1. e4 e5 2. Nf3 Nc6 3. Nc3 Nf6 4.
a3 Bc5 5. Nxe5 Nxe5 6. d4 Bd6 7. f4 Ng6 8. e5 Qe7 9. Be2 O-O 10. O-O c6 11. f5 Nxe5 12. dxe5 Bxe5 13. Bg5 d5 14. Bd3 h6 15. Bh4 Qc7 16. h3 Qb6+ 17. Kh1 Qxb2 18. Ne2 Qxa1 19. Qxa1 Bxa1 20. Rxa1 Ne4 21.
Rf1 Re8 22. f6 Nxf6 23. Bxf6 gxf6 24. Rxf6 Kg7 25. Rf3 Re5 26. Nd4 Be6 27. Bf5 c5 28.
Rg3+ Kf6 29. Bxe6 fxe6 30. Rf3+ Ke7 31. Nb5 a6 32. Nc3 d4 33. Na4 b5 34. Nb2 c4 35.
Kh2 Re2 36. Nd1 Rxc2 37. Nf2 0-1

[Event "*** Titled Tuesday 3|2 Blitz"]
[Site "Chess.com"]
[Date "2017.03.07"]
[Round "1"]
[White "Tirantes"]
[Black "Iball95"]
[Result "1-0"]
[WhiteElo "2265"]
[BlackElo "2489"]
[TimeControl "180+2"]
[EndTime "13:08:07 PST"]
[Termination "Tirantes won by resignation"]

1. e4 c5 2. Nf3 Nc6 3. Bb5 d6 4. O-O Bd7 5. c3 Nf6 6. Re1 a6 7. Bf1 Bg4 8. h3 Bxf3 9. Qxf3 e6 10.
Qd1 Be7 11. d4 cxd4 12. cxd4 O-O 13. Nc3 Rc8 14. Be3 Na5 15. Rc1 Nc4 16. Bxc4 Rxc4 17.
Qd3 b5 18. Ne2 Rxc1 19. Rxc1 Qd7 20. Qc2 h6 21. f3 Qa7 22. Qc7 Ra8 23. Kf2 d5 24. e5 Nd7 25. Rc2 Nb6 26. Qxa7 Rxa7 27. b3 Kf8 28. Bd2 Ke8 29. Ba5 Rb7 30. Rc6 Bd8 31. Nf4 g6 32. Nd3 Rc7 33. Rd6 Rc2+ 34.
Kf1 Bc7 35. Bxb6 Bxd6 36. exd6 Kd7 37. Bc7 Rxa2 38. Ne5+ Kc8 39. Bb6 Ra1+ 40. Kf2 Ra2+ 41. Kg3 f6 42. d7+ 1-0

[Event "*** Titled Tuesday 3|2 Blitz"]
[Site "Chess.com"]
[Date "2017.03.07"]
[Round "1"]
[White "ChristopherYoo"]
[Black "x-3738459472"]
[Result "0-1"]
[WhiteElo "2162"]
[BlackElo "2489"]
[TimeControl "180+2"]
[EndTime "13:08:11 PST"]
[Termination "x-3738459472 won by resignation"]

1. e4 c5 2. Nf3 Nc6 3. d4 cxd4 4. Nxd4 e5 5. Nb5 d6 6. N1c3 a6 7. Na3 b5 8. Nd5 Nge7 9. c4 Nd4 10. Be3 Nxd5 11.
cxd5 g6 12. Bxd4 exd4 13. Qxd4 Qa5+ 14. Qd2 Qxd2+ 15. Kxd2 Bg7 16. Rb1 f5 17. exf5 Bxf5 18. Bd3 O-O 19. f3 Rac8 20. Be4 Bxe4 21. fxe4 Rf2+ 22.
Ke3 Rxg2 23. Rhc1 Rf8 24. Rf1 Rxf1 25. Rxf1 Rxb2 26. Kd3 Rxa2 27. Nc2 Rb2 28. Nd4 Bxd4 29. Kxd4 Rxh2 30. Ra1 Rd2+ 31. Ke3 Rb2 32. Rxa6 h5 33. Rxd6 Kf7 34. e5 h4 35. Rf6+ Kg7 36. Rf3 Rb3+ 37. Ke4 Rxf3 38. Kxf3 b4 39. Ke4 b3 40. Kd3 h3 41. d6 Kf7 0-1

[Event "*** Titled Tuesday 3|2 Blitz"]
[Site "Chess.com"]
[Date "2017.03.07"]
[Round "1"]
[White "Jahonas"]
[Black "Ginger_GM"]
[Result "0-1"]
[WhiteElo "2183"]
[BlackElo "2502"]
[TimeControl "180+2"]
[EndTime "13:08:16 PST"]
[Termination "Ginger_GM won by resignation"]

1. d4 e6 2. c4 f5 3. Nc3 Nf6 4. Nf3 Be7 5. Bg5 Ne4 6. Bxe7 Qxe7 7. Qc2 Nxc3 8. Qxc3 O-O 9. e3 d6 10. Be2 a5 11. O-O Nd7 12. a3 a4 13. b4 axb3 14. Qxb3 Kh8 15. Qb4 b6 16. a4 Ra5 17.
Nd2 f4 18. e4 Rg5 19. a5 bxa5 20. Rxa5 e5 21. c5 dxc5 22. dxc5 Nf6 23. Qc3 c6 24. Rfa1 h5 25. Ra8 Bg4 26. Rxf8+ Qxf8 27. Bf1 f3 28. g3 h4 29. Qe3 Rh5 30. Nc4 hxg3 31.
fxg3 Kh7 32. Ra2 Nd7 33. Nd6 Rh6 34. Rf2 Nxc5 35. h3 Qxd6 36. hxg4 Qd4 37. Qxf3 Rf6 38. Qh1+ Kg8 0-1

[Event "*** Titled Tuesday 3|2 Blitz"]
[Site "Chess.com"]
[Date "2017.03.07"]
[Round "1"]
[White "littleozy"]
[Black "GrigorGrigorov"]
[Result "0-1"]
[WhiteElo "2282"]
[BlackElo "2557"]
[TimeControl "180+2"]
[EndTime "13:08:25 PST"]
[Termination "GrigorGrigorov won by resignation"]

1. d4 Nf6 2. c4 e6 3. Nc3 Bb4 4.
a3 Bxc3+ 5. bxc3 b6 6. f3 Nc6 7. e4 Ba6 8. e5 Ng8 9. Bd3 Na5 10.
Qe2 Nb3 11. Rb1 Nxc1 12. Rxc1 Ne7 13. Nh3 h6 14. O-O d5 15. cxd5 Bxd3 16. Qxd3 Qxd5 17. Nf2 c5 18. Ne4 O-O 19. Rfd1 cxd4 20. cxd4 Nf5 21. g4 Nh4 22. Kf2 Rac8 23. Kg3 Ng6 24. Nd6 Rxc1 25. Rxc1 Nxe5 26. Qe4 Qxd6 27. dxe5 Qxa3 28.
Rc7 Qa1 29. Qe3 Rd8 30. h4 Rd5 31. Rc8+ Kh7 32. Qe4+ g6 33. Rc7 Kg8 34. Qf4 Qxe5 35. Rxa7 Qxf4+ 36. Kxf4 g5+ 37. hxg5 hxg5+ 38. Ke4 Kg7 39. Rb7 b5 40. Rb8 Kf6 41. Rb6 Rc5 42. Ke3 Ke5 43. Rb7 f6 44. Rb6 f5 45. gxf5 exf5 46.
Rg6 Rc3+ 47. Kf2 Kf4 48. Rb6 Rxf3+ 49. Kg2 Rb3 0-1

[Event "*** Titled Tuesday 3|2 Blitz"]
[Site "Chess.com"]
[Date "2017.03.07"]
[Round "1"]
[White "Zhani-Z"]
[Black "Yaacovn"]
[Result "0-1"]
[WhiteElo "2299"]
[BlackElo "2589"]
[TimeControl "180+2"]
[EndTime "13:08:26 PST"]
[Termination "Yaacovn won by resignation"]

1. e4 c6 2. d4 d5 3. exd5 cxd5 4. Bd3 Nf6 5. c3 Nc6 6. Bf4 Bg4 7. Qb3 Qd7 8. Nd2 e6 9. Ngf3 Bd6 10.
Bg3 O-O 11. O-O Rab8 12. Rae1 Qc7 13. Bxd6 Qxd6 14. Ne5 b5 15. Qc2 g6 16. h3 Bf5 17.
Bxf5 exf5 18. Nxc6 Qxc6 19. Nf3 b4 20. Ne5 Qa6 21.
c4 dxc4 22. Qxc4 Qxc4 23. Nxc4 Rfd8 24. Rd1 Rbc8 25. b3 Ne4 26. Rfe1 Rc7 27. Rd3 Rcd7 28. f3 Nc5 29. Rde3 Rxd4 30. Re8+ Kg7 31. Rxd8 Rxd8 32. Re5 Rd1+ 33. Kh2 Nd3 34. Ra5 f4 35. g3 Rc1 36.
gxf4 Nxf4 37. Rxa7 Rc2+ 38. Kh1 Nxh3 39. Nd6 Kf6 40.
Nxf7 h5 41. Nd6 Ke5 42. Nc4+ Kf4 43. Rd7 Kg3 0-1

[Event "*** Titled Tuesday 3|2 Blitz"]
[Site "Chess.com"]
[Date "2017.03.07"]
[Round "1"]
[White "Gabix_94"]
[Black "JSMastropiero"]
[Result "1-0"]
[WhiteElo "2508"]
[BlackElo "2208"]
[TimeControl "180+2"]
[EndTime "13:08:26 PST"]
[Termination "Gabix_94 won by resignation"]

1. e4 e6 2. d4 d5 3. Nc3 Nf6 4. Bg5 dxe4 5. Nxe4 Nbd7 6. Nxf6+ Nxf6 7. Nf3 h6 8. Bh4 c5 9. Bd3 cxd4 10. Nxd4 Bb4+ 11.
c3 Be7 12. Qe2 O-O 13. O-O a6 14. Rad1 Qc7 15. Bb1 Rd8 16. Nf3 Bd7 17. Ne5 Bb5 18.
c4 Be8 19. Bg3 Qb6 20. b3 Rxd1 21. Rxd1 Rd8 22. h3 a5 23. Bh4 Rxd1+ 24. Qxd1 Qd8 25. Qxd8 Bxd8 26. Kf1 Bc7 27. Bg3 Nh5 28. Bh2 f6 29. Nf3 Bxh2 30. Nxh2 Bc6 31. g3 f5 32. Ke2 Nf6 33. Nf1 g6 34. f3 e5 35. a3 e4 36.
fxe4 Nxe4 37. Ke3 Kf7 38. b4 axb4 39. axb4 b6 40. g4 Kf6 41. Kd4 Nf2 42. gxf5 gxf5 43.
h4 Ng4 44. Ng3 f4 45. Nh5+ Ke7 46. Nxf4 Nh2 47. Be4 Nf3+ 48. Bxf3 Bxf3 49. Ng6+ Kf6 50. Ne5 Bg2 51. Nd7+ Kf5 52. Nxb6 Kg4 53. Nd5 Kxh4 54. b5 Kg5 55. b6 1-0

[Event "*** Titled Tuesday 3|2 Blitz"]
[Site "Chess.com"]
[Date "2017.03.07"]
[Round "1"]
[White "CM_Perligero"]
[Black "underdogchss"]
[Result "1-0"]
[WhiteElo "2112"]
[BlackElo "2444"]
[TimeControl "180+2"]
[EndTime "13:08:26 PST"]
[Termination "CM_Perligero won by resignation"]

1. e4 d6 2. d4 Nf6 3. Nc3 g6 4. Be3 c6 5. f3 Nbd7 6. Bc4 d5 7. exd5 Nb6 8. Bb3 Nbxd5 9. Nxd5 Nxd5 10. Bd2 Bg7 11. c3 O-O 12. Ne2 e5 13. Bxd5 Qxd5 14. dxe5 Qxe5 15. O-O Rd8 16. Nd4 c5 17.
Re1 Qd5 18. Nb3 Bf5 19. Be3 b6 20. Qe2 Qd3 21. Qf2 Qc4 22. Nd2 Qd5 23. g4 Bd7 24. Ne4 Bc6 25. Bg5 Re8 26. Bf6 Bb7 27. Qh4 Bf8 28. Rad1 Qxa2 29. Ng5 h6 30. Nxf7 Kxf7 31. Rd7+ Kg8 32. Be5 Qe6 33. Rxb7 Bg7 34. Rxg7+ Kf8 35. Qxh6 1-0